[Event "*** SCC Grand Prix: Titled Tuesday Blitz"]
[Site "Chess.com"]
[Date "2020.07.07"]
[Round "2"]
[White "sri5996"]
[Black "Kildepiotr"]
[Result "0-1"]
[WhiteElo "2288"]
[BlackElo "2608"]
[TimeControl "180+1"]
[EndTime "10:17:11 PDT"]
[Termination "Kildepiotr won by resignation"]

1. d4 c5 2. d5 e5 3. Nc3 d6 4. e4 Be7 5. Nf3 Bg4 6. h3 Bxf3 7. Qxf3 Bg5 8. Bxg5 Qxg5 9. h4 Qd8 10. Nd1 Ne7 11.
Ne3 Nd7 12. h5 h6 13. Nf5 Nxf5 14. Qxf5 O-O 15. O-O-O a6 16. Kb1 b5 17. g4 c4 18.
g5 hxg5 19. Bh3 Nc5 20. Rdg1 Qf6 21. Rxg5 Nxe4 22. Rg2 Qxf5 23. Bxf5 Nf6 24. Rg5 Kh8 25. Rhg1 Rg8 26. f3 Rae8 27. Rh1 Nxd5 28. Bg6 Rgf8 29. Be4 Nf4 30. Rhg1 Nh3 31. Rxg7 Nxg1 32. h6 f5 33. Bd5 Rg8 34. Bxg8 Rxg8 0-1

[Event "*** SCC Grand Prix: Titled Tuesday Blitz"]
[Site "Chess.com"]
[Date "2020.07.07"]
[Round "2"]
[White "MashaFromRussia"]
[Black "CzechmVIII"]
[Result "1-0"]
[WhiteElo "2434"]
[BlackElo "2195"]
[TimeControl "180+1"]
[EndTime "10:17:12 PDT"]
[Termination "MashaFromRussia won on time"]

1. d4 Nf6 2. c4 c5 3. d5 e6 4. Nc3 exd5 5. cxd5 d6 6. Nf3 g6 7. e4 a6 8. a4 Bg4 9. Be2 Bxf3 10. Bxf3 Bg7 11. O-O O-O 12. Bf4 Qe7 13.
Re1 Nbd7 14. h3 Rab8 15. a5 c4 16. Ra4 Rfc8 17. Be2 Ne5 18. Bxe5 Qxe5 19. Rxc4 Rxc4 20. Bxc4 Rc8 21. Qd3 Nd7 22. Ba2 Nc5 23. Qc4 Qd4 24. Qe2 Qb4 25. f4 Bd4+ 26. Kh1 Qxa5 27. e5 Re8 28.
Qd2 Bxc3 29. bxc3 Nd7 30. e6 Nc5 31. f5 Qa4 32. exf7+ Kxf7 33. fxg6+ hxg6 34. Qf2+ 1-0

[Event "*** SCC Grand Prix: Titled Tuesday Blitz"]
[Site "Chess.com"]
[Date "2020.07.07"]
[Round "2"]
[White "Dedic8"]
[Black "ehrenfeld"]
[Result "1-0"]
[WhiteElo "2794"]
[BlackElo "2523"]
[TimeControl "180+1"]
[EndTime "10:17:13 PDT"]
[Termination "Dedic8 won by resignation"]

1. e4 e5 2. Nf3 Nc6 3. Bb5 a6 4. Ba4 Nf6 5. O-O Be7 6. Re1 b5 7. Bb3 d6 8. c3 O-O 9. h3 Na5 10. Bc2 c5 11. d4 Qc7 12. Nbd2 Bd7 13. d5 c4 14. Nf1 Nb7 15. g4 Nc5 16. Ng3 Rfb8 17.
Nf5 Bxf5 18. gxf5 Nfd7 19. Kh1 Kh8 20. Rg1 Rg8 21. Ng5 Bxg5 22. Bxg5 f6 23. Be3 a5 24. Qh5 Nf8 25. Rg4 b4 26. Rag1 Ra7 27. Rh4 bxc3 28. bxc3 Rb7 29. Rgg4 g5 30. fxg6 Nxg6 31. Qf5 Nxh4 32.
Qxf6+ Rg7 33. Qf8+ 1-0

[Event "*** SCC Grand Prix: Titled Tuesday Blitz"]
[Site "Chess.com"]
[Date "2020.07.07"]
[Round "2"]
[White "AquivaRubinstein"]
[Black "Kobalia"]
[Result "0-1"]
[WhiteElo "2478"]
[BlackElo "2692"]
[TimeControl "180+1"]
[EndTime "10:17:13 PDT"]
[Termination "Kobalia won by resignation"]

1. d4 d5 2. c4 c6 3. Nf3 Nf6 4. Nc3 a6 5. c5 g6 6. Bf4 Nh5 7. Bd2 Bg7 8. h3 O-O 9. g4 Nf6 10. Bf4 Nbd7 11. e3 Ne4 12. Bd3 e5 13. Nxe5 Nxe5 14.
Bxe5 Bxe5 15. dxe5 Nxc5 16. O-O Qe7 17. f4 f6 18. b4 Nxd3 19. Qxd3 fxe5 20. fxe5 Qxe5 21. Rxf8+ Kxf8 22. Rf1+ Kg8 23. Ne2 Bd7 24. Rf3 a5 25.
Nf4 Qe4 26. Qf1 axb4 27. Nd3 b6 28. Rf7 Qxe3+ 29. Kh1 Qe4+ 30. Kg1 Be6 31. Re7 Rf8 32. Qa1 d4 33. Qd1 Qe3+ 34. Kh1 Bd5+ 35. Kh2 Rf2+ 0-1

[Event "*** SCC Grand Prix: Titled Tuesday Blitz"]
[Site "Chess.com"]
[Date "2020.07.07"]
[Round "2"]
[White "Ave_Mariia"]
[Black "VishnuPrasanna"]
[Result "0-1"]
[WhiteElo "2330"]
[BlackElo "2739"]
[TimeControl "180+1"]
[EndTime "10:17:13 PDT"]
[Termination "VishnuPrasanna won by resignation"]

1. c4 g6 2. g3 Bg7 3. Bg2 e5 4. Nc3 d6 5. d3 f5 6. Nf3 Nf6 7. Bg5 O-O 8. Nd5 Nbd7 9. Qd2 c6 10. Nxf6+ Nxf6 11. h4 e4 12. Nd4 exd3 13. Qxd3 h6 14. Bf4 Ng4 15. O-O g5 16. hxg5 hxg5 17. Bd2 Qf6 18.
Bc3 Ne5 19. Qc2 g4 20. Rad1 Bd7 21. b3 Rf7 22. f3 c5 23. Nb5 Bxb5 24. f4 Bc6 25.
fxe5 dxe5 26. e4 Qg5 27. Bd2 f4 28. gxf4 exf4 29. Qc1 Bd4+ 0-1

[Event "*** SCC Grand Prix: Titled Tuesday Blitz"]
[Site "Chess.com"]
[Date "2020.07.07"]
[Round "2"]
[White "vinniethepooh"]
[Black "BilodeauA"]
[Result "0-1"]
[WhiteElo "2544"]
[BlackElo "2837"]
[TimeControl "180+1"]
[EndTime "10:17:14 PDT"]
[Termination "BilodeauA won by resignation"]

1. d4 d5 2. c4 dxc4 3. Nf3 a6 4.
e3 Bg4 5. Bxc4 e6 6. h3 Bh5 7. Nc3 Nc6 8. O-O Nf6 9. Re1 Bd6 10.
e4 Bxf3 11. gxf3 e5 12. d5 Ne7 13. f4 Ng6 14. f5 Nf8 15. f4 N8d7 16. Qf3 Qe7 17. Bb3 O-O-O 18. Be3 exf4 19. Bxf4 Bxf4 20. Qxf4 Qe5 21. Qxe5 Nxe5 22. Kg2 Ne8 23. Rad1 Nd6 24. Kg3 g6 25. Kf4 f6 26. Ne2 gxf5 27. exf5 Rhg8 28. Rg1 h6 29. Nd4 Rg5 30. h4 Rh5 31. Rh1 Rg8 32.
Bc2 Ndc4 33. Rdg1 Rxg1 34. Rxg1 Rxh4+ 0-1

[Event "*** SCC Grand Prix: Titled Tuesday Blitz"]
[Site "Chess.com"]
[Date "2020.07.07"]
[Round "2"]
[White "JiiHart"]
[Black "MrChampion_Coach"]
[Result "0-1"]
[WhiteElo "2138"]
[BlackElo "2415"]
[TimeControl "180+1"]
[EndTime "10:17:14 PDT"]
[Termination "MrChampion_Coach won by resignation"]

1. e4 c5 2. Nf3 d6 3. d4 cxd4 4.
Nxd4 Nf6 5. Nc3 a6 6. Bg5 e6 7. f4 h6 8. Bh4 Qb6 9. Nb3 Nc6 10. Bf2 Qc7 11. Qf3 b5 12. O-O-O Bb7 13. Bd3 Be7 14.
Rhe1 Rc8 15. Kb1 Nb4 16. g4 d5 17. g5 hxg5 18. fxg5 dxe4 19. Nxe4 Nxe4 20. Bxe4 Qxc2+ 21. Ka1 Bxe4 22. Qxe4 Qxf2 23. Nd4 Nc2+ 24. Nxc2 Qxc2 25.
g6 Qxe4 26. gxf7+ Kxf7 27. Rxe4 Rhd8 0-1

[Event "*** SCC Grand Prix: Titled Tuesday Blitz"]
[Site "Chess.com"]
[Date "2020.07.07"]
[Round "2"]
[White "quesfr"]
[Black "Lion-Al-Messi"]
[Result "0-1"]
[WhiteElo "2213"]
[BlackElo "2443"]
[TimeControl "180+1"]
[EndTime "10:17:17 PDT"]
[Termination "Lion-Al-Messi won by resignation"]

1. e4 e6 2. d4 d5 3. Nc3 Nf6 4. e5 Nfd7 5. f4 c5 6. Nf3 Nc6 7.
Be3 a6 8. Qd2 b5 9. dxc5 Bxc5 10. Bd3 Qb6 11. Bf2 Bb7 12. a3 Bxf2+ 13. Qxf2 Qxf2+ 14. Kxf2 O-O 15. Ne2 f6 16. exf6 Rxf6 17. Ke3 e5 18. fxe5 Ndxe5 19. Nxe5 Nxe5 20. h3 Nc4+ 21. Bxc4 dxc4 22. Kd4 Bxg2 23. Rh2 Rd8+ 24. Kc3 Rf2 25.
Nd4 Rf4 26. Ne6 Rf3+ 27. Kb4 Rd2 28. Rg1 Rff2 29. Ka5 Rxc2 30. Kxa6 Rxb2 31. Nd4 Bb7+ 32. Kxb7 Rxh2 33. Kc6 c3 34. Rf1 Rhf2 35. Re1 c2 0-1

[Event "*** SCC Grand Prix: Titled Tuesday Blitz"]
[Site "Chess.com"]
[Date "2020.07.07"]
[Round "2"]
[White "Th3_Hound"]
[Black "hectorfiori"]
[Result "0-1"]
[WhiteElo "2522"]
[BlackElo "2319"]
[TimeControl "180+1"]
[EndTime "10:17:18 PDT"]
[Termination "hectorfiori won by resignation"]

1. e4 c5 2. Nf3 e6 3. c3 Nf6 4.
Bd3 d6 5. O-O Be7 6. Re1 O-O 7.
Bc2 c4 8. b3 b5 9. d4 cxd3 10.
Bxd3 Bb7 11. Nbd2 a6 12. Bb2 d5 13. e5 Nfd7 14. Rc1 Nc6 15. Bb1 g6 16. Nf1 Rc8 17.
Ng3 Qc7 18. Qe2 Rfd8 19. h4 Bf8 20. c4 bxc4 21. bxc4 dxc4 22. Rxc4 Nb6 23. Rcc1 Nd5 24. h5 Qb6 25. hxg6 hxg6 26. Ne4 Bg7 27. Nd6 Rxd6 28. exd6 Qxb2 29. d7 Rd8 30. Rc2 Qb6 31. Qe4 Rxd7 32. Qg4 Nd4 33. Nxd4 Qxd4 34. Qg3 Nf4 0-1

[Event "*** SCC Grand Prix: Titled Tuesday Blitz"]
[Site "Chess.com"]
[Date "2020.07.07"]
[Round "2"]
[White "m_ezat"]
[Black "Sychev_Klementy"]
[Result "0-1"]
[WhiteElo "2533"]
[BlackElo "2814"]
[TimeControl "180+1"]
[EndTime "10:17:19 PDT"]
[Termination "Sychev_Klementy won by resignation"]

1. d4 Nf6 2. c4 g6 3. Nc3 d5 4. Bg5 Bg7 5. Bxf6 Bxf6 6. cxd5 c5 7.
dxc6 Bxd4 8. e3 Bxc3+ 9. bxc3 Qxd1+ 10. Rxd1 Nxc6 11. Bb5 Bd7 12. Nf3 O-O-O 13. O-O f6 14. Bxc6 Bxc6 15. Nd4 Bd7 16. c4 e5 17. Nb3 Be6 18.
c5 Rxd1 19. Rxd1 Rd8 20. Rc1 Kc7 21. h3 Rd3 22. c6 b6 23. Rb1 a5 24. Rb2 Bxb3 25.
axb3 Kxc6 26. Kf1 Kb5 27. Ke2 e4 28. f3 f5 29. g4 Kb4 30. Rc2 Rxb3 31. Rc7 Rb2+ 32. Kf1 exf3 33. gxf5 gxf5 34. Rxh7 a4 35. Rh4+ Kb3 36. Rh6 b5 37. h4 a3 38. Ra6 a2 0-1

[Event "*** SCC Grand Prix: Titled Tuesday Blitz"]
[Site "Chess.com"]
[Date "2020.07.07"]
[Round "2"]
[White "boasovietica"]
[Black "GadimbayliA"]
[Result "0-1"]
[WhiteElo "2454"]
[BlackElo "2895"]
[TimeControl "180+1"]
[EndTime "10:17:19 PDT"]
[Termination "GadimbayliA won by resignation"]

1. e4 e5 2. Nf3 d5 3. Nxe5 Bd6 4. d4 dxe4 5. Nc4 Nf6 6. Nxd6+ Qxd6 7. c4 O-O 8. Nc3 Nc6 9. Be3 Ng4 10. Qd2 f5 11. g3 Be6 12. d5 Nce5 13. Be2 Nxe3 14. fxe3 Bd7 15. O-O-O a6 16. Qd4 b6 17. Kb1 Rad8 18.
Rhf1 Bc8 19. h3 h6 20. g4 Nf3 21.
Bxf3 exf3 22. Rxf3 fxg4 23. Rxf8+ Rxf8 24. hxg4 Qg6+ 25. e4 Bxg4 26. Re1 h5 27. Nd1 h4 28. Ne3 Bf3 29. Nf5 Bxe4+ 30. Qxe4 Qxf5 31. Qxf5 Rxf5 32. b4 h3 33. Rh1 Rh5 34. Kc2 h2 35. Kc3 Rh4 36.
c5 bxc5 37. bxc5 Kf7 38. d6 cxd6 39. cxd6 Ke6 0-1

[Event "*** SCC Grand Prix: Titled Tuesday Blitz"]
[Site "Chess.com"]
[Date "2020.07.07"]
[Round "2"]
[White "BabyBoss31"]
[Black "White_Ghost"]
[Result "1-0"]
[WhiteElo "2216"]
[BlackElo "2420"]
[TimeControl "180+1"]
[EndTime "10:17:19 PDT"]
[Termination "BabyBoss31 won by checkmate"]

1. d4 Nf6 2. c4 b6 3. Nf3 Bb7 4. Nc3 d6 5. Qc2 Nbd7 6. Bf4 g6 7. e4 Bg7 8. Be2 O-O 9. O-O e5 10.
dxe5 dxe5 11. Bg3 Nh5 12. Rad1 Nf4 13. Nd5 Ne6 14. Rd2 c6 15. Ne3 Qe7 16. Rfd1 Nd4 17. Nxd4 exd4 18. Rxd4 Bxd4 19. Rxd4 Rfd8 20. Qc3 Nc5 21. f3 Rxd4 22. Qxd4 Rd8 23. Qc3 Qd7 24. Bh4 Re8 25. Ng4 Re6 26. Nh6+ Kf8 27. Qh8# 1-0

[Event "*** SCC Grand Prix: Titled Tuesday Blitz"]
[Site "Chess.com"]
[Date "2020.07.07"]
[Round "2"]
[White "memer5334"]
[Black "ace_mar"]
[Result "0-1"]
[WhiteElo "2207"]
[BlackElo "2438"]
[TimeControl "180+1"]
[EndTime "10:17:20 PDT"]
[Termination "ace_mar won by checkmate"]

1. d4 Nf6 2. c4 e6 3. g3 d5 4. Nf3 dxc4 5. Qc2 a6 6. Qxc4 b5 7. Qc2 Bb7 8. Bg2 Nbd7 9. O-O c5 10. Rd1 Rc8 11. Qd2 cxd4 12. Nxd4 Bxg2 13. Kxg2 Bc5 14. b4 Be7 15. Nc3 Bxb4 16. Bb2 Ne4 17. Nxe4 Bxd2 18.
Nd6+ Kf8 19. Nxc8 Qxc8 20. Rxd2 Nb6 21. Nf3 f6 22. Ba3+ Kf7 23. Rad1 Qb7 24. Bc5 Rc8 25.
Be3 Rc7 26. Bd4 Nc4 27. Rd3 e5 28. Ba1 e4 29. Rd8 exf3+ 30. exf3 b4 31. h4 h5 32. Rh8 Rd7 33. Re1 Rd3 34. Ree8 Qxf3+ 35. Kh2 Qxf2+ 36.
Kh3 Qxg3# 0-1

[Event "*** SCC Grand Prix: Titled Tuesday Blitz"]
[Site "Chess.com"]
[Date "2020.07.07"]
[Round "2"]
[White "crazychessbr"]
[Black "goofypenguin96"]
[Result "0-1"]
[WhiteElo "2077"]
[BlackElo "2393"]
[TimeControl "180+1"]
[EndTime "10:17:20 PDT"]
[Termination "goofypenguin96 won on time"]

1. e4 g6 2. d3 Bg7 3. g3 e6 4.
Bg2 Ne7 5. f4 O-O 6. Nf3 f5 7. O-O d5 8. Nc3 c5 9. Re1 Nbc6 10.
exd5 exd5 11. Ng5 Qd6 12. Nb5 Qd8 13. Ne6 Bxe6 14. Rxe6 a6 15. Nc3 Qd7 16. Re1 Rae8 17. Na4 Qd6 18. Rb1 b5 19. Nc3 d4 20. Ne2 Nd5 21. Kh1 Ne3 22. Bxe3 Rxe3 23. Ng1 Rfe8 24. Qd2 Qe6 25. Nf3 Qxa2 26. h3 Qe6 27. Kh2 Nb4 28. Ra1 Nd5 29. Rxe3 Nxe3 30. Re1 Qd7 31. c4 bxc4 32.
dxc4 Qa4 33. Ng5 Qxc4 0-1

[Event "*** SCC Grand Prix: Titled Tuesday Blitz"]
[Site "Chess.com"]
[Date "2020.07.07"]
[Round "2"]
[White "VladimirBelous"]
[Black "Azatic"]
[Result "1-0"]
[WhiteElo "2723"]
[BlackElo "2497"]
[TimeControl "180+1"]
[EndTime "10:17:21 PDT"]
[Termination "VladimirBelous won by resignation"]

1. c4 Nf6 2. Nf3 c5 3. g3 b6 4. Bg2 Bb7 5. O-O e6 6. Nc3 Be7 7. d4 cxd4 8. Qxd4 O-O 9. Be3 Nc6 10. Qd3 d5 11. cxd5 Nb4 12. Qb5 Nbxd5 13. Nxd5 Bxd5 14. Rfd1 Qe8 15. Qxe8 Rfxe8 16. Ne5 Rac8 17. Rac1 h6 18. Nc6 Rxc6 19. Rxc6 Bxc6 20. Bxc6 Rc8 21.
Bf3 Rc2 22. Bd4 Nd5 23. e4 Nb4 24. a3 Nc6 25. Bc3 Bf6 26. e5 Nxe5 27. Bxe5 1-0

[Event "*** SCC Grand Prix: Titled Tuesday Blitz"]
[Site "Chess.com"]
[Date "2020.07.07"]
[Round "2"]
[White "Evachess2006"]
[Black "ajdemipopushi"]
[Result "0-1"]
[WhiteElo "1620"]
[BlackElo "2344"]
[TimeControl "180+1"]
[EndTime "10:17:22 PDT"]
[Termination "ajdemipopushi won by checkmate"]

1. e4 c5 2. Nf3 g6 3. d4 cxd4 4. Nxd4 Bg7 5. Nc3 Nc6 6. Be3 Nf6 7. Bd3 O-O 8. O-O d5 9. exd5 Nxd5 10. Nxc6 bxc6 11.
Nxd5 cxd5 12. c3 e5 13. Bb5 Qd6 14. c4 d4 15. Bd2 a6 16. Ba4 Bb7 17. f3 Kh8 18. Qe2 f5 19. f4 e4 20. b4 Rac8 21.
Rac1 Rfd8 22. c5 Qd5 23. Bb3 Qc6 24. Qc4 e3 25. Be1 Qxg2# 0-1

[Event "*** SCC Grand Prix: Titled Tuesday Blitz"]
[Site "Chess.com"]
[Date "2020.07.07"]
[Round "2"]
[White "totoro9"]
[Black "serhanberat_ozdemir"]
[Result "1-0"]
[WhiteElo "2318"]
[BlackElo "2466"]
[TimeControl "180+1"]
[EndTime "10:17:23 PDT"]
[Termination "totoro9 won on time"]

1. e4 c5 2. Nf3 e6 3. b3 b6 4. Bd3 Bb7 5. O-O Nc6 6. c3 Bd6 7. Re1 Qc7 8. Bf1 Nge7 9. d4 cxd4 10. cxd4 Bb4 11. Bd2 d5 12. e5 O-O 13. Bxb4 Nxb4 14.
Na3 a6 15. Qd2 Nec6 16. Rec1 Qe7 17. Nb1 Na5 18. Nc3 Rac8 19. Na4 f6 20. Nxb6 Rxc1 21. Rxc1 fxe5 22. Nxe5 Nac6 23. Ned7 Rd8 24. a3 Rxd7 25.
Nxd7 Qxd7 26. axb4 Ne7 27. b5 axb5 28. Qb4 Bc6 29.
Qc5 Kf7 30. Ra1 Qb7 31. Ra7 1-0

[Event "*** SCC Grand Prix: Titled Tuesday Blitz"]
[Site "Chess.com"]
[Date "2020.07.07"]
[Round "2"]
[White "NewBornNow"]
[Black "lucachess49"]
[Result "1-0"]
[WhiteElo "2656"]
[BlackElo "2375"]
[TimeControl "180+1"]
[EndTime "10:17:24 PDT"]
[Termination "NewBornNow won on time"]

1. e4 e5 2. Nf3 Nc6 3. Bc4 Nf6 4. d3 Be7 5. O-O O-O 6. Re1 d6 7. c3 Na5 8. Bb5 a6 9. Ba4 b5 10. Bc2 c5 11. Nbd2 Nc6 12. Nf1 Re8 13. a3 h6 14.
Ng3 Be6 15. h3 Rc8 16. a4 Bf8 17. axb5 axb5 18. Bd2 Qc7 19. Qe2 Ra8 20. Nh4 d5 21. Qf3 dxe4 22. dxe4 Nh7 23. Nhf5 Rxa1 24. Rxa1 Rd8 25.
Be3 Nd4 26. cxd4 cxd4 27. Bxh6 Qxc2 28. Bxg7 Bxf5 29. Nxf5 Ng5 30. Qh5 Nh7 31. Qg4 1-0

[Event "*** SCC Grand Prix: Titled Tuesday Blitz"]
[Site "Chess.com"]
[Date "2020.07.07"]
[Round "2"]
[White "bazar-wokzal"]
[Black "mirochka"]
[Result "1-0"]
[WhiteElo "2412"]
[BlackElo "2125"]
[TimeControl "180+1"]
[EndTime "10:17:24 PDT"]
[Termination "bazar-wokzal won on time"]

1. e4 c5 2. c3 d5 3. exd5 Qxd5 4. d4 Nc6 5. Nf3 Bf5 6. dxc5 Qxc5 7. Be3 Qa5 8. Na3 e5 9. Nc4 Qc7 10. Qa4 Bd7 11.
Qc2 Nf6 12. Be2 Be7 13. O-O O-O 14. Bg5 Rfe8 15. Rfe1 b5 16. Ne3 Qb7 17. Rad1 Rac8 18. Nf5 Bxf5 19. Qxf5 e4 20. Nd2 b4 21. Bxf6 Bxf6 22. Nxe4 Re6 23. Nd6 Rxd6 24. Rxd6 bxc3 25. bxc3 Qc7 26. Rd7 1-0

[Event "*** SCC Grand Prix: Titled Tuesday Blitz"]
[Site "Chess.com"]
[Date "2020.07.07"]
[Round "2"]
[White "MergenKakabaev"]
[Black "ApoIogiA"]
[Result "1-0"]
[WhiteElo "2406"]
[BlackElo "2116"]
[TimeControl "180+1"]
[EndTime "10:17:24 PDT"]
[Termination "MergenKakabaev won by resignation"]

1. e4 c5 2. Nf3 d6 3. d4 cxd4 4. Nxd4 Nf6 5. Nc3 a6 6. Bg5 e6 7.
f4 h6 8. Bh4 Be7 9. Qf3 Nbd7 10. O-O-O Qc7 11. g4 g5 12. fxg5 Ne5 13. Qe2 Nfxg4 14.
h3 hxg5 15. Bg3 Nf6 16. Bg2 Nfd7 17. Rhf1 b5 18. a3 Bb7 19. Kb1 O-O-O 20. Nb3 Kb8 21. a4 b4 22. Na2 Rc8 23. Nxb4 Qb6 24. Na2 Rc4 25. a5 Qc7 26. c3 Rc8 27. Nb4 Nc5 28. Nxc5 Qxc5 29. Bxe5 Qxe5 30. Rxf7 Rxe4 31. Bxe4 Bxe4+ 32. Kc1 Rxc3+ 33. bxc3 Qxc3+ 34. Nc2 Bxc2 35. Qxc2 Qe3+ 36.
Kb1 1-0

[Event "*** SCC Grand Prix: Titled Tuesday Blitz"]
[Site "Chess.com"]
[Date "2020.07.07"]
[Round "2"]
[White "Malysch"]
[Black "Gabrielian_Artur"]
[Result "0-1"]
[WhiteElo "2515"]
[BlackElo "2771"]
[TimeControl "180+1"]
[EndTime "10:17:25 PDT"]
[Termination "Gabrielian_Artur won on time"]

1. d4 Nf6 2. c4 c5 3. d5 e6 4. Nc3 exd5 5. cxd5 d6 6. Nf3 g6 7. Nd2 Nbd7 8. g3 Bg7 9. Bg2 O-O 10. O-O Re8 11.
h3 a6 12. a4 Rb8 13. Nc4 Nb6 14. Ne3 Bd7 15. Qc2 h5 16. a5 Nc8 17. Nc4 Bb5 18.
b3 Nd7 19. Bb2 Qe7 20. Rfe1 Bxc4 21. bxc4 b6 22. axb6 Ncxb6 23. Nd1 Ne5 24. Ne3 Bh6 25. f4 Nexc4 26. Nxc4 Nxc4 27. Qxc4 Rxb2 28. Rxa6 Qe3+ 29. Kh2 h4 30. gxh4 Bxf4+ 31. Kh1 Qg3 32. Kg1 Qxe1+ 0-1

[Event "*** SCC Grand Prix: Titled Tuesday Blitz"]
[Site "Chess.com"]
[Date "2020.07.07"]
[Round "2"]
[White "kuban1991"]
[Black "DivyaDeshmukh23"]
[Result "1-0"]
[WhiteElo "2769"]
[BlackElo "2513"]
[TimeControl "180+1"]
[EndTime "10:17:28 PDT"]
[Termination "kuban1991 won by resignation"]

1. Nf3 d5 2. g3 Nd7 3. Bg2 e5 4. O-O Ngf6 5. c4 c6 6. cxd5 cxd5 7. d4 e4 8. Ne5 Bd6 9. Bf4 Qe7 10. Nxd7 Bxd7 11. Bxd6 Qxd6 12. Nc3 O-O 13. e3 b5 14. a3 a5 15. Qb3 Rfb8 16. Rfc1 h6 17. Ne2 a4 18. Qb4 Qb6 19. Rc5 h5 20. h4 Re8 21. Rac1 Rab8 22. Nf4 Be6 23. Bf1 Bg4 24. Rxb5 Qa7 25. Qc5 Qa8 26. Qc6 Qa7 27. Rxb8 Qxb8 28. Qb5 Qd6 29. Rc6 Qd7 30. Rc5 Qd6 31. Nxd5 Nxd5 32.
Qxe8+ Kh7 33. Qe5 1-0

[Event "*** SCC Grand Prix: Titled Tuesday Blitz"]
[Site "Chess.com"]
[Date "2020.07.07"]
[Round "2"]
[White "stanyga"]
[Black "ItsCheckM8Mate"]
[Result "1-0"]
[WhiteElo "2635"]
[BlackElo "2257"]
[TimeControl "180+1"]
[EndTime "10:17:28 PDT"]
[Termination "stanyga won by resignation"]

1. d4 Nf6 2. c4 c5 3. d5 b5 4. cxb5 a6 5. bxa6 Bxa6 6. Nc3 g6 7. Nf3 Bg7 8. e4 Bxf1 9. Kxf1 d6 10. g3 O-O 11.
Kg2 Nbd7 12. Qc2 Qb6 13. Rb1 Rfb8 14. b3 Ng4 15. h3 Nge5 16. Nxe5 Nxe5 17. Be3 Qa6 18.
a4 Nd3 19. Nb5 Nb4 20. Qd2 Qb7 21. h4 f5 22. f3 Rf8 23. h5 fxe4 24. fxe4 Qd7 25.
Qe2 e6 26. hxg6 hxg6 27. Qg4 Rae8 28. Qxg6 Rf6 29. Qh7+ Kf8 30. Rbf1 Re7 31. Rxf6+ Bxf6 32. Bh6+ Bg7 33. Rf1+ 1-0

[Event "*** SCC Grand Prix: Titled Tuesday Blitz"]
[Site "Chess.com"]
[Date "2020.07.07"]
[Round "2"]
[White "NarminSoyunlu"]
[Black "TokChess"]
[Result "0-1"]
[WhiteElo "2080"]
[BlackElo "2396"]
[TimeControl "180+1"]
[EndTime "10:17:29 PDT"]
[Termination "TokChess won on time"]

1. g3 d5 2. Bg2 c6 3. c4 Nf6 4.
Nf3 Bf5 5. cxd5 cxd5 6. Qb3 Qb6 7. Qxb6 axb6 8. Nc3 e6 9. d3 Be7 10. Nd4 Bg4 11. Ndb5 Na6 12. Bf4 O-O 13. O-O Rfc8 14. Nd6 Bxd6 15. Bxd6 Nc5 16. h3 Bh5 17. g4 Bg6 18.
Rfc1 h5 19. g5 Ne8 20. Bg3 Kf8 21. Nb5 Ke7 22. Kf1 Nxd3 23. Rxc8 Rxc8 24. Nd4 Nxb2 25. Ke1 Nc4 26. Rc1 Ned6 27. Nb3 Ra8 28. e4 Bxe4 29.
Bxe4 dxe4 30. Rc2 e5 31. Ke2 Ke6 32. f4 exf3+ 33. Kxf3 f6 34. Ke2 fxg5 35. Bf2 h4 36. Nc1 Ra3 37. Nd3 e4 38. Nb4 Rxh3 0-1

[Event "*** SCC Grand Prix: Titled Tuesday Blitz"]
[Site "Chess.com"]
[Date "2020.07.07"]
[Round "2"]
[White "timator"]
[Black "Karina_Ivanova"]
[Result "1-0"]
[WhiteElo "2629"]
[BlackElo "2221"]
[TimeControl "180+1"]
[EndTime "10:17:30 PDT"]
[Termination "timator won on time"]

1. d4 Nf6 2. Nf3 e6 3. c4 b6 4. g3 Bb7 5. Bg2 Be7 6. O-O O-O 7. Re1 Na6 8. b3 d5 9. cxd5 exd5 10. Bb2 c5 11. Nc3 Rc8 12. Bh3 Rb8 13. Rc1 Re8 14. e3 Ne4 15. Bg2 Bf6 16. a3 Qd7 17. h4 Rbd8 18.
Ne2 Nc7 19. Nf4 Ne6 20. Ne5 Bxe5 21. dxe5 Qe7 22. Qg4 Nd2 23. Rcd1 Nxb3 24. Nxd5 Bxd5 25. Bxd5 Na5 26. f4 Nc7 27. Ba2 c4 28. Rd6 Nb5 29.
Rdd1 c3 30. Bc1 Rxd1 31. Rxd1 Rd8 32. Rxd8+ Qxd8 33. e6 fxe6 34. Bxe6+ Kh8 35. Bd7 Nd6 36. Qe6 Nac4 37. e4 Qf8 38. e5 1-0

[Event "*** SCC Grand Prix: Titled Tuesday Blitz"]
[Site "Chess.com"]
[Date "2020.07.07"]
[Round "2"]
[White "Harry_Rakkel"]
[Black "jefferyx"]
[Result "0-1"]
[WhiteElo "2571"]
[BlackElo "2906"]
[TimeControl "180+1"]
[EndTime "10:17:31 PDT"]
[Termination "jefferyx won by resignation"]

1. e4 c5 2. Nf3 d6 3. d4 Nf6 4.
Nc3 cxd4 5. Nxd4 a6 6. Be3 Nbd7 7. g4 h6 8. f3 b5 9. Qd2 Bb7 10. O-O-O Rc8 11. Kb1 Nb6 12. Qf2 Rxc3 13. bxc3 Na4 14. Ne2 e6 15. Ka1 Qc7 16. Qe1 d5 17. e5 Nd7 18.
Bd4 Nxe5 19. Bg2 Nc4 20. f4 Ba3 21. Rb1 O-O 22. g5 hxg5 23. Qg3 Nd6 24. Rb3 Bc5 25. Be5 f6 26. Bxd6 Bxd6 27. Bh3 Nc5 28. Rbb1 Bxf4 29.
Nxf4 Qxf4 30. Qxf4 gxf4 31. Rhg1 Kf7 32. Rbe1 Rh8 33.
Bf1 0-1

[Event "*** SCC Grand Prix: Titled Tuesday Blitz"]
[Site "Chess.com"]
[Date "2020.07.07"]
[Round "2"]
[White "Micki-taryan"]
[Black "francyIM"]
[Result "1-0"]
[WhiteElo "3048"]
[BlackElo "2605"]
[TimeControl "180+1"]
[EndTime "10:17:32 PDT"]
[Termination "Micki-taryan won by resignation"]

1. Nf3 Nf6 2. b3 g6 3. Bb2 Bg7 4. e3 d6 5. d4 O-O 6. Be2 c6 7. c4 Nbd7 8. O-O Qc7 9. Nc3 Re8 10. d5 Nf8 11. Rc1 Ne4 12. Nd4 Nxc3 13. Bxc3 e5 14.
dxe6 fxe6 15. Qd2 e5 16. Nf3 Bf5 17. Rfd1 Rad8 18. Qb2 h6 19. b4 g5 20. a4 Ng6 21. a5 Qf7 22. b5 g4 23. Nd2 cxb5 24.
Qxb5 Be6 25. Ne4 Bf8 26. Rb1 Rd7 27. c5 d5 28. Nd6 Bxd6 29. cxd6 Rf8 30. Rf1 Nh4 31.
Bxe5 Nf3+ 32. gxf3 gxf3 33. Bd3 Qh5 34. Kh1 Bh3 35. Bg3 Bg2+ 36. Kg1 Qh3 37. Qxd5+ Rff7 38. Rfc1 Rd8 39. Rxb7 Rf8 40. Rxf7 Rxf7 41. Rc7 1-0

[Event "*** SCC Grand Prix: Titled Tuesday Blitz"]
[Site "Chess.com"]
[Date "2020.07.07"]
[Round "2"]
[White "Supernotar"]
[Black "AndrewDGreen"]
[Result "1-0"]
[WhiteElo "2816"]
[BlackElo "2336"]
[TimeControl "180+1"]
[EndTime "10:17:33 PDT"]
[Termination "Supernotar won by resignation"]

1. d4 Nf6 2. c4 g6 3. Nc3 Bg7 4.
e4 d6 5. Be2 O-O 6. Nf3 Bg4 7.
Ng1 Bxe2 8. Ngxe2 c5 9. d5 e6 10.
O-O exd5 11. exd5 Re8 12. Bg5 Qb6 13. Qc2 Nbd7 14. Bh4 Ne5 15. b3 a6 16. Rab1 Qa5 17. a4 Qc7 18. Rfe1 Qd7 19. h3 Qf5 20. Qxf5 gxf5 21. Ng3 f4 22. Nf5 Ng6 23. Bxf6 Bxf6 24.
Ne4 Be5 25. Nexd6 Reb8 26. Nh6+ Kg7 27. Nhxf7 Bf6 28. Re4 Rf8 29. Rbe1 Rxf7 30. Nxf7 Kxf7 31. Re6 Rd8 32. Rb6 Rd7 33. Kf1 Bd4 34. Re4 Be5 35.
Rxg6 hxg6 36. Rxe5 Kf6 37. Re6+ Kf5 38. Ke2 b5 39.
axb5 axb5 40. Rc6 bxc4 41. bxc4 Ke5 42. Rxc5 Kd4 43. Rc6 Ra7 44. Rxg6 Kxc4 45. d6 1-0

[Event "*** SCC Grand Prix: Titled Tuesday Blitz"]
[Site "Chess.com"]
[Date "2020.07.07"]
[Round "2"]
[White "ZEN-22"]
[Black "aljado"]
[Result "1-0"]
[WhiteElo "2399"]
[BlackElo "2095"]
[TimeControl "180+1"]
[EndTime "10:17:34 PDT"]
[Termination "ZEN-22 won by resignation"]

1. e4 c5 2. b4 cxb4 3. a3 e6 4. axb4 Bxb4 5. c3 Be7 6. e5 d5 7. d4 Nc6 8. Bd3 Nh6 9. Bxh6 gxh6 10. Nh3 Qb6 11. O-O Bd7 12. Na3 Na5 13. Rb1 Qc7 14.
Nb5 Bxb5 15. Bxb5+ Nc6 16. Qh5 a6 17. Bd3 b5 18.
Qxh6 O-O-O 19. f4 Na5 20. f5 Qd7 21. Qg7 Rdf8 22. fxe6 fxe6 23. Nf4 Rfg8 24. Qh6 Nc4 25. Nxe6 Nd2 26. Nc5 1-0